 Dungeon Crawl Stone Soup version 0.24.0-29-g8ce449bc06 (webtiles) character file.

Game seed: 11887290204942681714, levelgen mode: deterministic

256656 Flugslaktarn the Warrior (level 19, -3/181 HPs)
             Began as a Minotaur Fighter on Nov 14, 2019.
             Was an Initiate of Gozag.
             Killed from afar by an iron dragon (32 damage)
             ... with a spray of metal splinters
             ... on level 5 of the Vaults.
             The game lasted 00:26:02 (35408 turns).

Flugslaktarn the Warrior (Minotaur Fighter)        Turns: 35408, Time: 00:26:03

Health: -3/181     AC: 34    Str: 31    XL:     19   Next: 7%
Magic:  21/21      EV: 22    Int:  5    God:    Gozag
Gold:   7215       SH: 30    Dex: 16    Spells: 18/18 levels left

rFire    + + .     SeeInvis .   a - +0 broad axe (chop)
rCold    + + .     Gourm    .   S - +1 large shield {AC+3}
rNeg     . . .     Faith    .   j - +1 plate armour {rF+}
rPois    +         Spirit   .   (helmet restricted)
rElec    +         Reflect  +   T - +2 cloak {rC+}
rCorr    +         Harm     .   J - +1 pair of gloves
MR       +....                  D - +2 pair of boots
Stlth    ..........             L - +5 amulet of reflection
HPRegen  0.40/turn              p - +2 ring of protection
MPRegen  0.17/turn              o - ring of poison resistance

@: mighty, agile, resistant, gold aura, hasted and slowed
A: retaliatory headbutt, horns 2, weak 1
}: 2/15 runes: decaying, gossamer
a: Potion Petition, Call Merchant, Bribe Branch, Renounce Religion


You were on level 5 of the Vaults.
You worshipped Gozag.
Gozag was greatly pleased with you.
You were not hungry.

You visited 6 branches of the dungeon, and saw 34 of its levels.
You visited the Abyss 1 time.
You also visited: Sewer and Ice Cave.

You collected 10574 gold pieces.
You spent 287 gold pieces at shops.
You paid 3072 gold pieces to Gozag.

Inventory:

Hand Weapons
 a - a +0 broad axe of chopping (weapon)
   (You acquired it on level 3 of the Lair of Beasts)
 b - a +2 hand axe of flaming
   (You took it off a big kobold on level 8 of the Dungeon)
Missiles
 i - 3 throwing nets (quivered)
Armour
 j - a +1 plate armour of fire resistance (worn)
   (You took it off an orc warrior on level 7 of the Dungeon)
 D - a +2 pair of boots (worn)
   (You bought it in a shop on level 4 of the Dungeon)
 J - a +1 pair of gloves (worn)
   (You bought it in a shop on level 8 of the Dungeon)
 S - a +1 large shield of protection (worn)
   (You found it on level 5 of the Lair of Beasts)
 T - a +2 cloak of cold resistance (worn)
   (You found it in an ice cave)
 V - a scarf of resistance
   (You found it on level 4 of the Vaults)
Jewellery
 f - an uncursed ring of see invisible
   (You found it on level 2 of the Dungeon)
 o - a ring of poison resistance (right hand)
   (You found it on level 2 of the Dungeon)
 p - a +2 ring of protection (left hand)
   (You found it on level 6 of the Dungeon)
 y - an uncursed amulet of guardian spirit
   (You found it on level 4 of the Dungeon)
 H - a cursed ring of teleportation {unknown}
   (You found it in an ice cave)
 I - an uncursed ring of flight
   (You found it on level 13 of the Dungeon)
 L - a +5 amulet of reflection (around neck)
   (You found it on level 9 of the Dungeon)
 R - an uncursed ring of fire
   (You found it on level 5 of the Lair of Beasts)
Wands
 v - a wand of iceblast (21)
   (You found it on level 7 of the Dungeon)
 K - a wand of acid (8)
   (You took it off a gnoll on level 9 of the Dungeon)
 U - a wand of scattershot (11)
   (You found it on level 14 of the Dungeon)
Scrolls
 c - 2 scrolls of vulnerability
 k - 10 scrolls of remove curse
 m - 7 scrolls of magic mapping
 r - 6 scrolls of identify
 t - a scroll of teleportation
 u - 4 scrolls of immolation
 x - 5 scrolls of fear
 z - 2 scrolls of blinking
 C - 4 scrolls of enchant armour
 F - 2 scrolls of holy word
 G - a scroll of silence
 N - 2 scrolls of fog
 O - 3 scrolls of summoning
 W - a scroll of acquirement
Potions
 d - 6 potions of might
 g - 3 potions of ambrosia
 h - 5 potions of haste
 l - 2 potions of mutation
 n - 4 potions of resistance
 q - 7 potions of curing
 s - 9 potions of agility
 w - 2 potions of heal wounds
 A - 6 potions of brilliance
 B - 7 potions of flight
 E - 2 potions of magic
 M - a potion of lignification
 P - a potion of berserk rage
 Q - a potion of cancellation
Comestibles
 e - 18 rations


   Skills:
 + Level 18.6 Fighting
 - Level 18.0 Axes
 + Level 18.5 Armour
 + Level 14.9 Dodging
 + Level 18.6 Shields
 - Level 5.0 Evocations


You had 18 spell levels left.
You didn't know any spells.
Your spell library was empty.

Dungeon Overview and Level Annotations

Branches:
Dungeon (14/15)            Temple (1/1) D:5            Lair (6/6) D:11
  Swamp (4/4) Lair:4       Spider (4/4) Lair:3        Slime (0/5) Lair:6
    Orc (0/2) D:9          Vaults (5/5) D:14          Sewer (visited)
  IceCv (visited)
  Crypt: Vaults:2-3

Altars:
Ashenzari
Cheibriados
Dithmenos
Elyvilon
Fedhas
Gozag
Hepliaklqana
Kikubaaqudgha
Makhleb
Nemelex Xobeh
Okawaru
Qazlal
Ru
Sif Muna
Trog
Uskayaw
Vehumet
Wu Jian
Xom
Yredelemnul
Zin
The Shining One
Beogh
Jiyva

Shops:
D:4 [   D:8 [   Vaults:3 (

Annotations:
D:8 exclusion: ice statue
D:13 3 runed translucent doors, Kiokkeho's ghost, journeyman TrMo
Lair:1 exclusion: oklob plant
Lair:6 1 runed translucent door, garrulousMonolith's ghost, journeyman GnFi


Innate Abilities, Weirdness & Mutations

You reflexively headbutt those who attack you in melee.
You have a pair of horns on your head.
You are weak. (Str -2)


Message History

Your shield and plate armour prevent you from hitting the iron dragon.
You block the vault guard's attack.
The vault warden becomes distracted by the nearby gold, dreaming of imaginary riches.
The iron dragon becomes distracted by the nearby gold, dreaming of imaginary riches.
The vault sentinel becomes distracted by the nearby gold, dreaming of imaginary riches.
The iron dragon roars deafeningly!
You closely miss the vault guard.
The vault warden shouts!
The vault sentinel shouts!
The vault guard blocks your attack.
The vault guard is moderately wounded.
You open the iron dragon like a pillowcase!!!
The iron dragon is no longer distracted by gold.
You slash the iron dragon!
You hear a shout!
The vault guard is no longer distracted by gold.
The vault warden is no longer distracted by gold.
The iron dragon breathes metal splinters at you.
The spray of metal splinters hits you!!
You die...
Your body crumbles into a pile of gold.

#..# #..# #..# #..#
#..# ....#..e #..#
.p.#$p.. ...#..#..#
..........(#?..#$.#
Y....e...G#....#@p#
.sp.e.# .#.....#DD#
y.{..#.Y#......#pQ#
$$e..e.........#$*#


$pDe.ep..c....TpSp# ##############.Lpp# ...............D.# ............p....#
......$..........# You could see 2 iron dragons, a golden dragon, a vault
warden, a tengu reaver, a lich, 4 vault guards, a vault sentinel, a water
moccasin shaped shifter and a battlesphere.

Vanquished Creatures
  A tentacled monstrosity (Vaults:5)
  2 sphinxes
  3 tentacled starspawn (Abyss:3)
  A titan (Vaults:5)
  2 thorn hunters
  A storm dragon (Vaults:4)
  A tengu reaver (Vaults:5)
  An emperor scorpion (Spider:4)
  4 ghost moths
  A deep elf sorcerer (Vaults:5)
  Aizul (Swamp:3)
  3 vault wardens
  A reaper (IceCv)
  2 very ugly things (Vaults:5)
  12 ironheart preservers
  2 entropy weavers
  A deep elf demonologist (Vaults:2)
  5 stone giants
  A dire elephant (Lair:6)
  A deep elf annihilator (Vaults:5)
  3 spark wasps (Spider:4)
  An ettin (Vaults:5)
  2 fire dragons (Vaults:4)
  A deep elf high priest (Vaults:5)
  2 great orbs of eyes
  6 yaktaur captains
  A rakshasa (Vaults:2)
  3 ghost crabs
  15 hydras
  6 vault guards
  2 ice dragons
  5 centaur warriors
  A catoblepas (Lair:6)
  15 two-headed ogres
  3 shambling mangroves
  A deep troll earth mage (Vaults:5)
  8 death yaks
  3 death scarabs (Spider:4)
  A vampire mage (Abyss:3)
  8 alligators
  2 deep troll shamans
  5 ogre magi
  2 spriggan berserkers (Swamp:4)
  6 thrashing horrors (Abyss:3)
  A spectral emperor scorpion (Spider:4)
  6 deep elf knights
  4 skeletal warriors (Vaults:2)
  A titan skeleton (Vaults:3)
  2 shadow wraiths (Vaults:4)
  2 unseen horrors
  A spriggan druid (Swamp:4)
  13 swamp dragons
  A flayed ghost (Vaults:3)
  5 deep trolls
  A glowing orange brain (Vaults:3)
  2 spectral wolf spiders (Spider:4)
  2 wizards
  Pikel (D:4)
  A phantasmal warrior (Vaults:5)
  5 ironbrand convokers
  6 orc knights
  4 deep elf archers
  A harpy (shapeshifter) (Vaults:3)
  2 necromancers
  9 orb spiders
  An orb spider (shapeshifter) (Vaults:3)
  A shadow dragon skeleton (Vaults:3)
  17 wolf spiders
  12 deep elf magi
  22 ugly things
  9 elephants
  A shining eye (Abyss:3)
  6 manticores
  A cyclops (D:13)
  9 vault sentinels
  A centaur zombie (D:13)
  2 moths of wrath (Spider:4)
  2 ice statues (IceCv)
  5 black mambas
  An apocalypse crab (Abyss:3)
  A torpor snail (Lair:5)
  A black mamba (shapeshifter) (Vaults:2)
  16 spiny frogs
  A smoke demon (Abyss:3)
  A dire elephant skeleton (Abyss:3)
  A spectral redback (Spider:4)
  3 gargoyles
  A spiny frog (shapeshifter) (Vaults:4)
  16 yaktaurs
  A komodo dragon (shapeshifter) (D:14)
  2 freezing wraiths
  A kobold demonologist (D:11)
  9 rime drakes
  4 komodo dragons
  9 demonic crawlers
  An ancient zyme (Abyss:3)
  4 ice devils (IceCv)
  2 tengu conjurers
  A polar bear (shapeshifter) (D:13)
  4 trolls
  20 jumping spiders
  4 polar bears
  A wind drake (shapeshifter) (Vaults:4)
  19 hornets
  9 blink frogs (Lair:3)
  4 tyrant leeches
  6 bog bodies
  25 slime creatures
  2 spectral tarantellas (Spider:4)
  A jumping spider zombie (Spider:4)
  5 dream sheep
  3 raiju (Abyss:3)
  5 hippogriffs
  A hippogriff (shapeshifter) (Vaults:2)
  A meliai zombie (D:11)
  25 redbacks
  34 yaks
  2 ynoxinuls (Abyss:3)
  A shadow (Swamp:3)
  A vampire (D:14)
  2 spriggans
  22 tarantellas
  3 basilisks
  3 wraiths
  2 wyverns
  A human (shapeshifter) (D:13)
  A neqoxec (Abyss:3)
  2 small abominations
  A steam dragon (D:14)
  15 vampire mosquitoes
  A chaos spawn (Abyss:3)
  4 large abominations (Abyss:3)
  10 swamp worms
  3 wargs
  Menkaure (D:4)
  6 insubstantial wisps (Swamp:4)
  A soldier ant (shapeshifter) (Vaults:3)
  2 soldier ants
  7 water moccasins
  2 acid dragons
  13 porcupines
  12 orc warriors
  2 spectral hornets (Spider:4)
  9 swamp drakes
  4 slaves (D:4)
  4 ice beasts
  5 sky beasts
  2 black bears
  A boggart (D:14)
  3 phantoms (D:10)
  24 ogres
  13 wolves
  10 centaurs
  6 crocodiles
  8 big kobolds
  2 gnoll sergeants
  16 bullfrogs
  A glowing shapeshifter simulacrum (Vaults:3)
  A human skeleton (Vaults:3)
  6 scorpions
  2 water moccasin skeletons
  3 killer bees (D:11)
  A human simulacrum (Vaults:3)
  21 wights
  An electric eel (Spider:3)
  A howler monkey (D:6)
  13 crimson imps
  12 hounds
  3 quasits
  5 bullfrog skeletons
  A bullfrog zombie (D:12)
  6 jellies
  12 orc wizards
  An iron imp (Abyss:3)
  16 orc priests
  A centaur skeleton (D:10)
  8 iguanas
  Natasha (D:3)
  5 worker ants
  A killer bee zombie (D:6)
  2 hound skeletons
  A worker ant zombie (D:8)
  13 gnolls
  9 adders
  8 river rats (Sewer)
  4 shadow imps
  10 white imps
  8 ufetubi
  3 oozes
  An adder zombie (D:6)
  A worm (D:2)
  A dart slug (D:1)
  7 leopard geckos
  77 orcs
  8 giant cockroaches
  7 hobgoblins
  13 jackals
  6 quokkas
  8 ball pythons
  8 bats
  7 frilled lizards
  4 goblins
  A jackal skeleton (D:7)
  31 kobolds
  A leopard gecko skeleton (D:5)
  24 rats
  3 briar patches (Swamp:4)
  3 fungi
  A plant (Lair:6)
  3 starspawn tentacles (Abyss:3)
1174 creatures vanquished.

Vanquished Creatures (others)
  A yaktaur captain (Vaults:4)
  An alligator (Swamp:4)
  A centaur warrior (Vaults:3)
  An ogre mage (Vaults:4)
  A deep elf archer (D:14)
  A cyclops (D:13)
  An orc knight (Vaults:4)
  6 yaktaurs
  A hornet (Swamp:4)
  A spriggan (Swamp:4)
  A chaos spawn (Abyss:3)
  A centaur (Vaults:3)
  5 white imps (IceCv)
  4 ufetubi
  A briar patch (Swamp:4)
  2 fungi
  A plant (Lair:6)
  5 starspawn tentacles (Abyss:3)
35 creatures vanquished.

Grand Total: 1209 creatures vanquished

Notes
Turn   | Place    | Note
-------+----------+-------------------------------------------
     0 | D:1      | Flugslaktarn the Minotaur Fighter began the quest for the
                  | Orb.
     0 | D:1      | Reached XP level 1. HP: 19/19 MP: 0/0
   149 | D:1      | Reached XP level 2. HP: 26/27 MP: 1/1
   554 | D:2      | Reached XP level 3. HP: 24/33 MP: 2/2
   563 | D:2      | Reached XP level 4. HP: 23/40 MP: 3/3
  1705 | D:3      | Found a shimmering altar of Xom.
  1873 | D:3      | Reached XP level 5. HP: 40/47 MP: 4/4
  2214 | D:3      | Found a glowing drain.
  2221 | Sewer    | Entered a sewer
  2524 | Sewer    | Reached skill level 5 in Axes
  2734 | Sewer    | Reached XP level 6. HP: 53/55 MP: 5/5
  2888 | Sewer    | Reached skill level 5 in Shields
  3308 | D:4      | Reached skill level 5 in Fighting
  3308 | D:4      | Reached skill level 5 in Armour
  3312 | D:4      | Found Tejuhoim's Antique Armour Emporium.
  3320 | D:4      | Bought a pair of glowing boots for 172 gold pieces
  3341 | D:4      | Noticed Natasha
  3355 | D:4      | HP: 1/56 [orc priest/divine providence (11)]
  3459 | D:3      | Killed Natasha
  3459 | D:3      | Reached XP level 7. HP: 19/61 MP: 6/6
  3886 | D:4      | Noticed Menkaure
  4114 | D:4      | Killed Menkaure
  4450 | D:4      | Noticed Pikel
  4750 | D:4      | Killed Pikel
  4750 | D:4      | Reached XP level 8. HP: 21/71 MP: 7/7
  5172 | D:5      | Entered Level 5 of the Dungeon
  5703 | D:5      | Found a staircase to the Ecumenical Temple.
  5832 | Temple   | Entered the Ecumenical Temple
  6020 | Temple   | Became a worshipper of Gozag Ym Sagoz the Greedy
  6253 | D:6      | Found a burning altar of Makhleb.
  6274 | D:6      | Reached XP level 9. HP: 5/79 MP: 8/8
  7179 | D:6      | You fall into a shaft and drop 3 floors!
  7179 | D:9      | Noticed a two-headed ogre
  7216 | D:9      | Noticed a white ugly thing
  7216 | D:9      | Noticed a gargoyle
  7217 | D:9      | Noticed a white ugly thing
  7363 | D:9      | Reached skill level 10 in Axes
  7451 | D:9      | Killed a green ugly thing
  7455 | D:9      | Killed a brown ugly thing
  7527 | D:8      | Found Daenutug's Armour Emporium.
  7535 | D:8      | Bought a +1 pair of gloves for 115 gold pieces
  7572 | D:8      | Found a stormy altar of Qazlal.
  7582 | D:8      | Found a snail-covered altar of Cheibriados.
  7703 | D:8      | Reached XP level 10. HP: 89/90 MP: 9/9
  8069 | D:7      | Found a basalt altar of Yredelemnul.
  8238 | D:7      | Found a blossoming altar of Fedhas.
  8296 | D:7      | Found a sacrificial altar of Ru.
  8554 | D:8      | Noticed an ice statue
  9217 | D:8      | Noticed a three-headed hydra
  9223 | D:8      | Killed a one-headed hydra
  9464 | D:9      | Killed a gargoyle
  9808 | D:9      | Found a staircase to the Orcish Mines.
 10211 | D:9      | Found a bloodstained altar of Trog.
 10268 | D:9      | Killed a two-headed ogre
 10268 | D:9      | Reached XP level 11. HP: 94/99 MP: 8/10
 10364 | D:10     | Entered Level 10 of the Dungeon
 10428 | D:10     | Reached skill level 10 in Shields
 10560 | D:10     | Identified the cursed +0 war axe "Oxuebufy" {holy, +Blink
                  | rPois}
 10564 | D:10     | Reached skill level 10 in Fighting
 10635 | D:10     | Reached skill level 10 in Armour
 10924 | D:10     | Noticed a deep elf mage
 10933 | D:10     | Killed a deep elf mage
 11301 | D:11     | Found a staircase to the Lair.
 11880 | D:11     | Noticed a centaur warrior
 11910 | D:11     | Killed a centaur warrior
 12436 | Lair:1   | Entered Level 1 of the Lair of Beasts
 12462 | Lair:1   | Found a sparkling altar of Nemelex Xobeh.
 12462 | Lair:1   | Noticed an oklob plant
 13212 | Lair:1   | Reached XP level 12. HP: 104/110 MP: 11/11
 13372 | Lair:2   | Reached skill level 1 in Dodging
 14665 | Lair:3   | Identified a scroll of acquirement
 14702 | Lair:3   | Reached skill level 15 in Axes
 14737 | Lair:3   | Found a hole to the Spider Nest.
 16114 | Lair:4   | Found a staircase to the Swamp.
 16247 | Lair:4   | Reached XP level 13. HP: 115/118 MP: 12/12
 17676 | Lair:5   | Reached skill level 5 in Dodging
 17840 | Lair:6   | Entered Level 6 of the Lair of Beasts
 18611 | Lair:6   | Found a runed translucent door.
 18611 | Lair:6   | Noticed garrulousMonolith's ghost (journeyman GnFi)
 18719 | Lair:6   | Found a staircase to the Slime Pits.
 18719 | Lair:6   | Found a viscous altar of Jiyva.
 19510 | Lair:6   | Noticed a dire elephant
 19531 | Lair:6   | Killed a dire elephant
 19531 | Lair:6   | Reached XP level 14. HP: 86/129 MP: 13/13
 19784 | Swamp:1  | Entered Level 1 of the Swamp
 20251 | Swamp:2  | Reached skill level 1 in Evocations
 20351 | Swamp:3  | Noticed a thorn hunter
 20376 | Swamp:3  | Killed a thorn hunter
 21347 | Swamp:3  | Noticed Aizul
 21391 | Swamp:3  | Killed Aizul
 21995 | Swamp:4  | Entered Level 4 of the Swamp
 22794 | Swamp:4  | Noticed a thorn hunter
 22804 | Swamp:4  | Killed a thorn hunter
 22804 | Swamp:4  | Reached XP level 15. HP: 60/137 MP: 16/16
 23781 | Swamp:4  | Reached skill level 5 in Evocations
 23960 | Swamp:4  | Got a decaying rune of Zot
 24203 | Spider:1 | Entered Level 1 of the Spider Nest
 24965 | Spider:3 | Killed a ghost moth
 24965 | Spider:3 | Reached skill level 10 in Dodging
 25234 | Spider:3 | Killed a ghost moth
 25261 | Spider:4 | Entered Level 4 of the Spider Nest
 25380 | Spider:4 | Reached skill level 15 in Fighting
 25561 | Spider:4 | Reached skill level 15 in Armour
 25561 | Spider:4 | Reached skill level 15 in Shields
 25918 | Spider:4 | Reached XP level 16. HP: 149/149 MP: 18/18
 26700 | Spider:4 | Got a gossamer rune of Zot
 27138 | D:12     | Found a frozen archway.
 27157 | IceCv    | Entered an ice cave
 29164 | D:13     | Found a runed translucent gate.
 29164 | D:13     | Noticed Kiokkeho's ghost (journeyman TrMo)
 29165 | D:13     | Found a runed translucent gate.
 29166 | D:13     | Found a runed translucent gate.
 29166 | D:13     | Identified the cursed +0 plate armour of Jifer {-Cast MR+
                  | Str+4}
 29167 | D:13     | Found a roughly hewn altar of Beogh.
 29971 | D:14     | Found an opulent altar of Gozag.
 30299 | D:14     | Found a gate to the Vaults.
 30676 | Vaults:1 | Entered Level 1 of the Vaults
 30900 | Vaults:2 | Reached XP level 17. HP: 144/158 MP: 19/19
 31363 | Vaults:2 | Noticed a Hell Sentinel
 32783 | Vaults:3 | Reached XP level 18. HP: 170/170 MP: 20/20
 33116 | Vaults:3 | Found Noaku's Antique Weapon Boutique.
 34907 | Vaults:5 | Entered Level 5 of the Vaults
 34917 | Vaults:5 | Noticed a lich
 34966 | Vaults:5 | Cast into level 3 of the Abyss (a deep elf sorcerer)
 35157 | Abyss:3  | Gained mutation: You are weak. (Str -2) [a shining eye]
 35291 | Vaults:5 | Escaped the Abyss
 35299 | Vaults:5 | Noticed a lich
 35338 | Vaults:5 | Noticed a tentacled monstrosity
 35344 | Vaults:5 | Noticed a golden dragon
 35355 | Vaults:5 | Killed a tentacled monstrosity
 35377 | Vaults:5 | Reached XP level 19. HP: 58/180 MP: 21/21
 35378 | Vaults:5 | Noticed an ancient lich
 35404 | Vaults:5 | Noticed a golden dragon
 35408 | Vaults:5 | Killed from afar by an iron dragon

Levels and vault maps discovered:
D:1:      dpeg_arrival_tiny_j, layout_basic
D:2:      layout_loops_ring, minmay_misc_feat_nine_boxes
D:3:      layout_basic, nicolae_overflow_crystal_walls, portal_sewer_entry_e,
          serial_bayou_ford_a
D:4:      layout_rooms, serial_shops, nicolae_shop_crystal, lightli_minifort,
          uniq_menkaure, uniq_natasha, uniq_pikel
D:5:      layout_cave_pools, minmay_temple_entry_poolview, first_ration
D:6:      layout_loops_ring, bloody_makhleb
D:7:      layout_rooms, nicolae_ru_path_of_blood, lemuel_round_altar,
          yredelemnul_altar_generic, minmay_manual_monstrance
D:8:      cheibrodos_frozen_isle, layout_loops_ring, lemuel_doored_altar,
          old_standard_altar, serial_shops, shop, hangedman_ranch
          [blue_anna_fruit_fields]
D:9:      minmay_curly_fans, layout_long_grid, lemuel_coloured_pillars_altar,
          hiddenorc1_lemuel
D:10:     layout_loops_cross
D:11:     layout_basic, lair_entry_dummy, enter_trove_6, uniq_nergalle
D:12:     layout_loops_corners, portal_ice_cave_entry_pillars_1, drop_trap
D:13:     layout_basic, biasface_ghost_orc_armoury
D:14:     layout_layer_cave, hangedman_vaults_entry_quadrant_bands,
          grunt_gozag_breadcrumbs
Temple:   eino_narrow_crystal_temple
Lair:1:   layout_cave_shapes, lemuel_oklob_altar, grunt_megastairs_1
Lair:2:   layout_hall_layers
Lair:3:   layout_regular_city, nicolae_spider_entry_tight_spaces,
          nicolae_lair_grove_arrangements, infiniplex_staircase_pool
Lair:4:   layout_layer_cave, skrybe_swamp_entry_bodies
Lair:5:   layout_regular_city, kennysheep_catoblepas_arena
Lair:6:   grunt_lair_end_beastmaster, layout_gridlike, slime_altar_1,
          hellmonk_ghost_happy_afterlife, minmay_lair_drake_nest
Swamp:1:  layout_basic_swamp, gammafunk_ghost_necromancy,
          evilmike_swamp_ruin_house_1, uniq_josephine
Swamp:2:  layout_basic_swamp, hangedman_swamp_ruin_wall
Swamp:3:  layout_basic_swamp, serial_swamp_ruin, evilmike_swamp_ruin_house_5,
          evilmike_swamp_ruin_house_3, uniq_aizul
Swamp:4:  swamp_basic_johnstein, layout_basic_swamp
Spider:1: layout_spider_delve
Spider:2: layout_chambers, nicolae_spider_nook
Spider:3: layout_spider_delve
Spider:4: floodkiller_spider_rune_tomb
Vaults:1: hangedman_vaults_trim, v_rooms_5, vaults_room_grid,
          nicolae_vaults_puzzle_piece, v_rooms_5, v_alt_pattern_6,
          nicolae_vaults_little_squares_4, ontoclasm_vaults_bender,
          ontoclasm_vaults_idyll, hangedman_vaults_nodes,
          nicolae_vaults_rhombus_5, ontoclasm_vaults_tryst,
          vaults_mumra_chevron_long, nicolae_vaults_little_squares_4,
          nicolae_vaults_shelves_hall, nicolae_vaults_theta,
          layout_vaults_omnibox
Vaults:2: v_misc_3, nicolae_vaults_hallways_thing, v_alt_pattern_5,
          vaults_room_door_ring, minmay_crypt_entry_simple_sparse,
          vaults_room_fancy_cross, v_alt_pattern_6, vaults_mumra_hex,
          special_room_vaults [special_room_orc], vaults_dpeg_cross,
          vaults_room_hallway, layout_vaults_omnicross
Vaults:3: ontoclasm_vaults_pinch, hangedman_vaults_restitches, v_misc_9,
          v_misc_2, ontoclasm_vaults_chip, nicolae_vaults_ring_of_whatevers,
          ontoclasm_vaults_shuriken, vaults_room_grid, v_pattern_2,
          hangedman_vaults_impose, v_misc_25, dpeg_vaults_monster_box,
          layout_vaults_big_room, serial_shops, shop
Vaults:4: nicolae_vaults_network_star, nicolae_vaults_what_the_h,
          ontoclasm_vaults_hangar, hangedman_vaults_slice,
          nicolae_vaults_specimen_jars, nicolae_vaults_theta, vaults_dpeg_hooks,
          layout_vaults_omnigrid
Vaults:5

Skill      XL: |  1  2  3  4  5  6  7  8  9 10 11 12 13 14 15 16 17 18 |
---------------+-------------------------------------------------------+-----
Axes           | 3 4 5 6 8 9 11 12 14 15 17 18 | 18.0
Shields        | 4 5 6 7 8 9 11 12 13 15 16 17 18 | 18.6
Fighting       | 4 5 6 7 8 9 11 12 13 15 16 17 18 | 18.6
Armour         | 4 5 6 7 8 9 11 12 13 15 16 17 18 | 18.5
Dodging        | 4 6 8 10 12 13 14 | 14.9
Evocations     | 3 5 |  5.0

Action                   |  1- 3 |  4- 6 |  7- 9 | 10-12 | 13-15 | 16-18 | 19-21 || total
-------------------------+-------+-------+-------+-------+-------+-------+-------++-------
Melee: War axe           |    53 |   221 |   314 |   135 |       |       |       ||   723
       Headbutt          |     5 |    40 |    53 |   201 |   307 |   415 |     6 ||  1027
       Hand axe          |       |       |       |   705 |   643 |       |       ||  1348
       Broad axe         |       |       |       |   133 |   655 |  1564 |    15 ||  2367
Invok: Potion Petition   |       |       |     1 |     1 |     2 |     3 |     2 ||     9
Evoke: Wand              |       |       |       |       |     4 |     3 |     1 ||     8
  Use: Potion            |       |     7 |       |       |     6 |     9 |     2 ||    24
       Scroll            |       |       |    18 |    11 |     5 |     9 |     1 ||    44
 Stab: Distracted        |       |       |     1 |     4 |     4 |     7 |       ||    16
       Petrifying        |       |       |       |       |     1 |       |       ||     1
       Invisible         |       |       |       |       |     5 |       |       ||     5
       Confused          |       |       |       |       |     2 |       |       ||     2
       Held in net/web   |       |       |       |       |     1 |     1 |       ||     2
  Eat: Chunk             |       |     7 |     6 |       |       |       |       ||    13
       Ration            |       |       |     3 |     8 |    10 |     9 |       ||    30
Armor: Scale mail        |    36 |   143 |    85 |     8 |       |       |       ||   272
       Plate armour      |       |       |       |   278 |   521 |   504 |     4 ||  1307
Dodge: Dodged            |    19 |    96 |    77 |    86 |   230 |   276 |     2 ||   786
Block: Shield            |    49 |   164 |   106 |       |       |       |       ||   319
       Large shield      |       |       |   116 |   698 |  1380 |  1636 |    21 ||  3851
       Reflection        |       |       |       |       |    18 |   102 |     2 ||   122
